 Dungeon Crawl Stone Soup version 0.31-a0-702-gf82c85558f (webtiles) character file.

Game seed: 11578843082021196642

88 qw the Shooter (level 4, -1/28 HPs)
             Began as a Gargoyle Hunter on Sept 8, 2023.
             Killed from afar by an orc wizard (10 damage)
             ... with a puff of flame
             ... on level 3 of the Dungeon.
             The game lasted 00:00:48 (1794 turns).

qw the Shooter (Gargoyle Hunter)                    Turns: 1794, Time: 00:00:48

Health: -1/28      AC:  9    Str: 14    XL:     4   Next: 54%
Magic:  4/4        EV: 11    Int: 10    God:
Gold:   131        SH:  0    Dex: 15    Spells: 3/3 levels left

rFire   . . .        Y - +0 shortbow
rCold   . . .        (shield currently unavailable)
rNeg    + . .        c - +0 leather armour
rPois   inf          b - +2 helmet
rElec   +            (no cloak)
rCorr   .            (no gloves)
SInv    .            (no boots)
Will    .....        (no amulet)
Stlth   +            (no ring)
HPRegen 0.24/turn    (no ring)
MPRegen 0.09/turn

%: no passive effects
@: confused
A: sickness immunity, AC +3, negative energy resistance 1, electricity
resistance, torment resistance 1, petrification resistance
a: no special abilities


You were on level 3 of the Dungeon.
You visited 1 branch of the dungeon, and saw 3 of its levels.

You collected 131 gold pieces.


Innate Abilities, Weirdness & Mutations

You are immune to sickness and miasma.
Your stone body is resilient. (AC +3)
You are immune to poison.
You resist negative energy. (rN+)
You are resistant to electric shocks. (rElec)
You are resistant to unholy torment.
You are immune to petrification.


   Skills:
 - Level 3.0 Fighting
 + Level 5.5 Ranged Weapons
 - Level 1.5 Dodging
 - Level 1.1 Stealth


You had 3 spell levels left.
You didn't know any spells.
Your spell library was empty.

Inventory:

Hand Weapons
 Y - a +0 shortbow (weapon)
Armour
 b - a +2 helmet (worn)
 c - a +0 leather armour (worn)
 m - a +0 ring mail of positive energy
Scrolls
 a - 3 scrolls of teleportation
 j - a scroll of identify {unknown}
 k - a scroll of noise {unknown}
 l - a scroll of immolation {unknown}
Potions
 d - a potion of haste {unknown}
 e - a potion of attraction {unknown}
 f - a potion of might {unknown}
 g - a potion of curing
 h - a potion of cancellation
 i - a potion of degeneration {unknown}

Dungeon Overview and Level Annotations

Branches:
Dungeon (3/15)

Altars:
Xom


Message History

A puff of flame appears from out of thin air!
The puff of flame hits you but does no damage.
You shoot an arrow. Something hits you but does no damage.
You shoot an arrow.
You hear some strange, mumbled words.
A magic dart appears from out of thin air!
The magic dart hits you but does no damage.
You shoot an arrow. Something barely misses you.
You shoot an arrow. Something hits you but does no damage.
You shoot an arrow.
You hear some strange, mumbled words.
A magic dart appears from out of thin air!
The magic dart hits you but does no damage.
You shoot an arrow. Something hits you but does no damage.
You shoot an arrow. Something hits you but does no damage. Something hits you.
You shoot an arrow. Something hits you but does no damage.
You shoot an arrow.
You hear some strange, mumbled words.
You are confused.
You shoot an arrow.
You hear some strange, mumbled words.
A puff of flame appears from out of thin air!
The puff of flame hits you!
You shoot an arrow.
You hear some strange, mumbled words.
A magic dart appears from out of thin air!
The magic dart hits you.
You shoot an arrow. Something hits you but does no damage.
You shoot an arrow.
You hear some strange, mumbled words.
A puff of flame appears from out of thin air!
The puff of flame hits you!
You die...

..................##.# 7.P..7.P7#
77777.......##.......# 777..P.77
##.?...##########.#### 77P..P7
##.###.# #.# #.77.P77# ##.#
#.##### #.# #)77..7.#
##}###.....# #.# ##.#77.7..
#.._##.###.# #.# #.## #..#%
.~.^.#####<######.# #..####..#
...^..##.......<@{######...###...
~^~_~_#..#.#######.%........#...#
.._..7}..#.# #.#####..##.....
^#7..7#.)..# #.# #..#####.#
~.~7~.##.### #.# #.... .#
~.^..###.# #.# ##.##. .#
#...###%.# #)# #># # .#
##}##...## #.# #.. .# #....###
#.# .. .#


There were no monsters in sight!

Vanquished Creatures
  Robin (D:2)
  An adder (D:2)
  4 orcs (D:3)
  5 endoplasms
  2 giant cockroaches
  17 goblins
  6 hobgoblins
  5 kobolds
  3 quokkas
  4 ball pythons
  2 bats (D:1)
  3 frilled lizards
  3 rats (D:2)
56 creatures vanquished.

Notes
Turn   | Place    | Note
-------+----------+-------------------------------------------
     0 | D:1      | qw the Gargoyle Hunter began the quest for the Orb.
     0 | D:1      | Reached XP level 1. HP: 12/12 MP: 1/1
     0 | D:1      | 0 ||| qw: Version: 0.3-a-76-g4403597
     0 | D:1      | 0 ||| qw: Game counter: 1178
     0 | D:1      | 0 ||| qw: Melee chars always use a shield: true
     0 | D:1      | 0 ||| qw: God list: Okawaru
     0 | D:1      | 0 ||| qw: Allow faded altars: false
     0 | D:1      | 0 ||| qw: Do Orc after clearing Dungeon:15 true
     0 | D:1      | 0 ||| qw: Do second Lair branch before Depths: true
     0 | D:1      | 0 ||| qw: Lair rune preference: random
     0 | D:1      | 0 ||| qw: Goals: Normal
     0 | D:1      | 0 ||| PLANNING D:1-11
   188 | D:1      | Reached XP level 2. HP: 17/17 MP: 2/2
   537 | D:1      | 537 ||| READING scroll labelled ACKITT XUOM.
   541 | D:1      | 541 ||| READING scroll labelled QOTHUA WEIFYIKH.
   542 | D:1      | 542 ||| READING scroll labelled ENGUSK EDIGGI.
   543 | D:1      | 543 ||| DROPPING scroll of butterflies.
   627 | D:2      | Reached XP level 3. HP: 21/21 MP: 3/3
   707 | D:2      | Reached skill level 5 in Ranged Weapons
   728 | D:2      | Noticed Robin
   744 | D:2      | Killed Robin
   745 | D:2      | Reached skill level 3 in Fighting
   871 | D:2      | Reached XP level 4. HP: 19/28 MP: 4/4
   993 | D:2      | Found a faded altar of an unknown god.
  1393 | D:2      | 1393 ||| UPGRADING to +2 helmet.
  1398 | D:2      | 1398 ||| DRINKING 3 blue potions.
  1399 | D:2      | 1399 ||| DRINKING 2 white potions.
  1509 | D:3      | Found a shimmering altar of Xom.
  1510 | D:3      | Found a shimmering altar of Xom.
  1510 | D:3      | Found a shimmering altar of Xom.
  1511 | D:3      | Found a shimmering altar of Xom.
  1741 | D:3      | 1741 ||| DRINKING 2 potions of curing.
  1741 | D:3      | 1741 ||| (to cure confusion)
  1742 | D:3      | 1742 ||| FLEEEEING.
  1745 | D:3      | 1745 ||| FLEEEEING.
  1746 | D:3      | 1746 ||| FLEEEEING.
  1747 | D:3      | 1747 ||| FLEEEEING.
  1748 | D:3      | 1748 ||| FLEEEEING.
  1749 | D:3      | 1749 ||| FLEEEEING.
  1755 | D:3      | 1755 ||| FLEEEEING.
  1756 | D:3      | 1756 ||| FLEEEEING.
  1757 | D:3      | 1757 ||| FLEEEEING.
  1758 | D:3      | 1758 ||| FLEEEEING.
  1759 | D:3      | 1759 ||| FLEEEEING.
  1794 | D:3      | Killed from afar by an orc wizard

Levels and vault maps discovered:
D:1:      dpeg_arrival_fog, layout_loops_cross
D:2:      layout_basic, shapermc_ecumenical_altar_rom_forum, uniq_robin
D:3:      layout_loops_cross, xom_redecorated, serial_forest,
          infiniplex_forest_lined_room_2, infiniplex_forest_corner_2,
          infiniplex_forest_straight_2, infiniplex_forest_straight_3,
          infiniplex_forest_clump_medium, infiniplex_forest_join,
          guppyfry_early_lair_pool

Skill      XL: |  1  2  3 |
---------------+----------+-----
Ranged Weapons | 5 |  5.5
Fighting       | 3 |  3.0
Dodging        | |  1.5
Stealth        | |  1.1

Action                     |  1- 3 |  4- 6 || total
---------------------------+-------+-------++-------
   Fire: Shortbow          |   113 |    70 ||   183
    Use: Scroll            |     3 |       ||     3
         Potion            |       |     3 ||     3
 Armour: Leather armour    |    25 |    35 ||    60
  Dodge: Dodged            |    40 |    10 ||    50

Table legend:
 A = Non-vault XP
 B = Vault XP
 C = Vault XP percentage of total XP
 D = Non-vault monster count
 E = Vault monster count
 F = Vault count percentage of total count
                 A         B        C        D         E       F
            +---------+---------+-------+---------+---------+-------
      Total |      91 |      36 |  28.3 |      45 |      11 |  19.6
            +---------+---------+-------+---------+---------+-------
        D:1 |      24 |       0 |   0.0 |      14 |       0 |   0.0
        D:2 |      45 |      36 |  44.4 |      21 |      11 |  34.4
        D:3 |      22 |       0 |   0.0 |      10 |       0 |   0.0
            +---------+---------+-------+---------+---------+-------
